 Dungeon Crawl Stone Soup version 0.23-a0-419-g0174fd8 (webtiles) character file.

116 HerrDoktor the Firebug (level 5, -1/31 HPs)
             Began as an Octopode Fire Elementalist on Nov 11, 2018.
             Was an Initiate of Qazlal.
             Slain by a gnoll
             ... wielding a +0 spear
              (5 damage)
             ... on level 2 of the Dungeon.
             The game lasted 00:18:24 (3115 turns).

HerrDoktor the Firebug (Octopode Fire Elementalist) Turns: 3115, Time: 00:18:25

Health: -1/31      AC:  1    Str:  9    XL:     5   Next: 1%
Magic:  3/9        EV: 13    Int: 18    God:    Qazlal [......]
Gold:   76         SH:  0    Dex: 13    Spells: 3/10 levels left

rFire    . . .     SeeInvis .   e - +0 short sword
rCold    . . .     Gourm    .   (no shield)
rNeg     . . .     Faith    .   (helmet restricted)
rPois    .         Spirit   .   (no amulet)
rElec    .         Reflect  .   c - +2 ring of strength
rCorr    .         Harm     .   (no ring)
MR       .....                  (no ring)
Stlth    +++.......             (no ring)
HPRegen  0.10/turn              (no ring)
MPRegen  0.11/turn              (no ring)
                                (no ring)
                                (no ring)

@: no status effects
A: almost no armour, stealthy swim, amphibious, 8 rings, constrict 8, camouflage
1, gelatinous body 1
a: Renounce Religion


You were on level 2 of the Dungeon.
You worshipped Qazlal.
Qazlal was noncommittal.
You were hungry.

You visited 1 branch of the dungeon, and saw 2 of its levels.

You collected 76 gold pieces.

Inventory:

Hand Weapons
 e - a +0 short sword (weapon)
Missiles
 d - 23 stones (quivered)
 g - 14 poisoned needles
 m - 18 bolts
Armour
 k - a cursed +0 robe
Jewellery
 c - a +2 ring of strength (left tentacle)
 n - a cursed ring of teleportation {unknown}
Scrolls
 a - a scroll of magic mapping {unknown}
 f - a scroll of fog {unknown}
 i - 3 scrolls of remove curse
 l - a scroll of noise {unknown}
 o - a scroll of teleportation
Potions
 j - a potion of curing
Comestibles
 b - 3 rations


   Skills:
 + Level 2.3 Dodging
 + Level 3.0 Stealth
 + Level 3.0 Spellcasting
 + Level 1.8 Conjurations
 + Level 4.1 Fire Magic


You had 3 spell levels left.
You knew the following spells:

 Your Spells              Type           Power        Failure   Level  Hunger
a - Flame Tongue          Conj/Fire      ##...        4%          1    None
b - Throw Flame           Conj/Fire      ##....       7%          2    ##.....
c - Sticky Flame          Conj/Fire      ##......     43%         4    ####...

Your spell library contained the following spells:

 Spells                   Type           Power        Failure   Level  Hunger
 Conjure Flame            Conj/Fire      ##......     14%         3    ###....
 Inner Flame              Hex/Fire       ##......     21%         3    ###....
 Fireball                 Conj/Fire      ##........   78%         5    ######.


Dungeon Overview and Level Annotations

Branches:
Dungeon (2/15)

Altars:
Qazlal
Yredelemnul


Innate Abilities, Weirdness & Mutations

You cannot wear most types of armour.
You are very stealthy in the water. (Stealth+)
You are amphibious.
You can wear up to eight rings at the same time.
You can use your tentacles to constrict eight enemies at once.
Your skin changes colour to match your surroundings (Stealth+).
Your rubbery body absorbs attacks. (AC +1, EV +1)


Message History

Casting: Flame Tongue (safe; 4% risk of failure)
Confirm with . or Enter, or press ? or * to list all spells.
Aiming: Flame Tongue (safe; 4% risk of failure)
Press: ? - help, Shift-Dir - straight line, f/p - gnoll
Aim: a gnoll, wielding a +0 spear (heavily wounded)
The flame tongue hits the gnoll.
The gnoll is severely wounded.
The gnoll hits you from afar with a +0 spear!
* * * LOW HITPOINT WARNING * * *
Casting: Flame Tongue (safe; 4% risk of failure)
Confirm with . or Enter, or press ? or * to list all spells.
Aiming: Flame Tongue (safe; 4% risk of failure)
Press: ? - help, Shift-Dir - straight line, f/p - gnoll
Aim: a gnoll, wielding a +0 spear (severely wounded)
The flame tongue hits the gnoll.
The gnoll appears unharmed.
The gnoll is severely wounded.
The gnoll hits you from afar with a +0 spear.
* * * LOW HITPOINT WARNING * * *
The gnoll hits you from afar with a +0 spear.
You die...

########## #......... ###
##.#########>
#######.####...###### #.
..g....#............# #.
######g..###...####.# #.##### #
#...# ##.## #.###.....# # ##..)#
##.#####.......#.##### # ##....#
#..g.@................ # #......#
#..#.#######.#.##.#... # #[#.##.#
#..#.# #.#.##.#.#.
###.#.##.###..#.#######.#.##.#.##
........................#.##.#.#
..........###.#.#####.......#..#
###.#......##.#...g.....#.##.###
#.#.......#.######.####.##.#
#...........# #.##...##.#


You could see a gnoll.

Vanquished Creatures
  A centaur skeleton (D:2)
  2 gnolls (D:2)
  3 adders
  2 worms (D:2)
  2 dart slugs
  2 giant cockroaches
  3 goblins
  4 hobgoblins
  2 jackals (D:1)
  A quokka (D:2)
  A bat (D:2)
  6 frilled lizards
  6 kobolds
  5 rats
40 creatures vanquished.

Notes
Turn   | Place    | Note
-------+----------+-------------------------------------------
     0 | D:1      | HerrDoktor the Octopode Fire Elementalist began the quest
                  | for the Orb.
     0 | D:1      | Reached XP level 1. HP: 11/11 MP: 3/3
   314 | D:1      | Reached XP level 2. HP: 9/17 MP: 0/5
   581 | D:1      | Learned a level 2 spell: Throw Flame
  1541 | D:2      | Reached XP level 3. HP: 21/21 MP: 2/6
  2102 | D:2      | Found a stormy altar of Qazlal.
  2107 | D:2      | Found a basalt altar of Yredelemnul.
  2127 | D:2      | Became a worshipper of Qazlal Stormbringer
  2151 | D:2      | Reached XP level 4. HP: 23/27 MP: 1/8
  2216 | D:2      | Learned a level 4 spell: Sticky Flame
  2504 | D:2      | Reached skill level 4 in Fire Magic
  3069 | D:2      | Reached XP level 5. HP: 22/31 MP: 3/9
  3115 | D:2      | Slain by a gnoll

Vault maps used:
D:1:      shiori_shiawase
D:2:      grunt_temple_overflow_open

Skill      XL: |  1  2  3  4 |
---------------+-------------+-----
Fire Magic     | 4 |  4.1
Spellcasting   | 3 |  3.0
Stealth        | 3 |  3.0
Dodging        | |  2.3
Conjurations   | |  1.8

Action                   |  1- 3 |  4- 6 || total
-------------------------+-------+-------++-------
Melee: Short sword       |     4 |       ||     4
       Constrict         |     1 |       ||     1
 Cast: Flame Tongue      |    45 |    28 ||    73
       Throw Flame       |    10 |     8 ||    18
  Use: Scroll            |     4 |       ||     4
  Eat: Chunk             |     2 |     2 ||     4
       Ration            |     1 |       ||     1
Armor: Skin              |     1 |     1 ||     2
Dodge: Dodged            |    26 |    18 ||    44

Table legend:
 A = Non-vault XP
 B = Vault XP
 C = Vault XP percentage of total XP
 D = Non-vault monster count
 E = Vault monster count
 F = Vault count percentage of total count
                 A         B        C        D         E       F
            +---------+---------+-------+---------+---------+-------
      Total |     167 |       0 |   0.0 |      40 |       0 |   0.0
            +---------+---------+-------+---------+---------+-------
        D:1 |      41 |       0 |   0.0 |      20 |       0 |   0.0
        D:2 |     126 |       0 |   0.0 |      20 |       0 |   0.0
            +---------+---------+-------+---------+---------+-------
